cohdb
Replays
Latest Replays
All Replays
Popular Replays
Top Player Replays
Match Explorer
How It Works
Community
CoH3 Stats
Reddit
Sign in to upload your games and track your stats! →
Sign in with Steam
Match 43439925
Unlisted
Match 43439925
Overview
Messages
Build Orders
End
Construct Infanterie Kompanie
Selects Breakthrough Battlegroup
MG 42 Machine Gun Team
Grenadier Squad
GrW 34 Mortar Team
Construct Luftwaffe Kompanie
Jäger Squad
Support Elements
Medical Station
Selects Assault Grenadiers
Selects Rapid Production
Jäger Squad
Wirbelwind Flakpanzer
Jäger Squad
Pioneer Squad
Side Skirts
Selects Blitzkrieg
Construct Panzergrenadier Kompanie
Nebelwerfer 42 Rocket Launcher Team
Selects Smoke Bombing Run
StuG III G Assault Gun
MG 42 Bunker
StuG III G Assault Gun
Grenadier Squad
Medical Bunker
Selects Incendiary Bombing Run
Selects Incendiary Bombing Run
Incendiary Bombing Run
Panzergrenadier Officer Quarters
Smoke Bombing Run
Incendiary Bombing Run
UnknownDenomenator
GerNicoO
“加纳”
Papa Shango
Husar
SIEPACZ
0
0
Comments
sign in to comment!
No comments posted yet!